 Dungeon Crawl Stone Soup version 0.15-a0-756-g319e367 (webtiles) character file.

618 MDvedh the Cleaver (level 7, -3/50 HPs)
             Began as a Lava Orc Gladiator on May 12, 2014.
             Slain by an orc
             ... wielding a +0,+0 hand axe
              (6 damage)
             ... on Level 5 of the Dungeon.
             The game lasted 00:06:15 (3893 turns).

MDvedh the Cleaver (Lava Orc Gladiator)             Turns: 3893, Time: 00:06:15

HP  -3/50        AC 10     Str 23      XL: 7   Next: 21%
MP   7/7         EV 11     Int  8      God:
Gold 185         SH  0     Dex 11      Spells:  0 memorised,  6 levels left

rFire  + . .     SeeInvis .     a - +0 war axe
rCold  . . .     Rnd*Rage +     b - +0 leather armour
rNeg   . . .     Conserve .     (no shield)
rPois  +         rCorr    .     c - +1 helmet
rElec  +         rRot     .     (no cloak)
SustAb . .       Spirit   .     u - +0 pair of gloves
rMut   .         Warding  .     n - +0 pair of boots
Saprov + . .     Stasis   .     (no amulet)
MR     .....                    s - ring of poison resistance
                                m - +3 ring of strength

@: slowed, bribing [], very slow, not resistant to hostile enchantments, very
unstealthy
A: berserk 1, conserve scrolls, frail 1, saprovore 1, electricity resistance
a: no special abilities


You were on level 5 of the Dungeon.
You were hungry.

You visited 1 branch of the dungeon, and saw 5 of its levels.

You collected 335 gold pieces.
You spent 150 gold pieces at shops.

Inventory:

Hand weapons
 a - a +0,+0 war axe (weapon)
Missiles
 d - 3 throwing nets (quivered)
Armour
 b - a +0 leather armour (worn)
 c - a +1 helmet (worn)
 n - a +0 pair of boots (worn)
 t - a +0 ice dragon armour
 u - a +0 pair of gloves (worn)
Magical devices
 x - a wand of paralysis (9) {unknown}
Comestibles
 f - 5 meat rations
 g - 3 bread rations
 v - a choko
 w - an apple
Scrolls
 e - 4 scrolls of teleportation
 j - a scroll of identify
 o - 2 scrolls of remove curse
 q - 2 scrolls of fog
 r - a scroll of enchant armour
 A - a scroll of enchant weapon II {unknown}
Jewellery
 m - a +3 ring of strength (left hand)
 p - an uncursed ring of invisibility
 s - a ring of poison resistance (right hand)
Potions
 h - a potion of magic
 i - a potion of heal wounds
 k - 4 potions of curing
 l - a potion of flight {unknown}
 z - 2 potions of paralysis {unknown}
Books
 y - a book of Unlife

   Spells                             Type                      Level
   Recall                             Summoning/Translocation      3
   Animate Dead                       Necromancy                   4
   Control Undead                     Necromancy                   4
   Twisted Resurrection               Necromancy                   5
   Death Channel                      Necromancy                   6
   Simulacrum                         Ice/Necromancy               6


   Skills:
 - Level 2.4 Fighting
 + Level 10.0 Axes
 - Level 1.7 Throwing
 - Level 2.4 Dodging


You had 6 spell levels left.
You didn't know any spells.

Dungeon Overview and Level Annotations

Branches:
Dungeon (5/15)
 Temple: D:4-7

Altars:
Ashenzari
Cheibriados
Kikubaaqudgha
Makhleb
Xom
Zin
The Shining One

Shops:
D:5 (


Innate Abilities, Weirdness & Mutations

You have stony skin.
Your flesh is heat resistant.
Your flesh is vulnerable to cold.
Your heat harms attackers.
You bathe your surroundings in blazing heat.
You are too hot to use scrolls.
You are very good at protecting items from fire.
You can tolerate rotten meat.
You tend to lose your temper in combat.
You are frail (-10% HP).
You are resistant to electric shocks.


Message History

The orc is moderately wounded.
You barely miss the orc wizard.
The orc wizard is almost dead.
The orc wizard casts a spell.
The orc wizard flickers and vanishes!
Deactivating autopickup; reactivate with Ctrl-A.
You hear some strange, mumbled words.
The magic dart hits you! The orc hits you with a hand axe.
* * * LOW HITPOINT WARNING * * *
You hear some strange, mumbled words.
You feel a wave of unholy energy pass over you.
You miss something. You hit the orc but do no damage.
The orc is moderately wounded.
Your skin cools and hardens.
You hear some strange, mumbled words.
A puff of flame appears from out of thin air!
The puff of flame hits you! You resist.
* * * LOW HITPOINT WARNING * * *
The orc hits you with a hand axe.
You die...

######### #.......#
#.......# #.......#
#.......# #.......#
#....o..# #...@...#
####)#### #.#
####.#######
#.######............
#..........###########
#### ########...# #..
.... #.#### #.# ##.#
#....# #.#####.#


You could see an orc.

Vanquished Creatures
  A water moccasin (D:4)
  A centaur (D:5)
  Duvessa (D:4)
  A scorpion (D:4)
  Dowan (D:4)
  A crimson imp (D:5)
  An orc wizard (D:5)
  Ijyb (D:2)
  Jessica (D:3)
  A hound skeleton (D:4)
  5 adders
  2 giant mites (D:4)
  An inept feature mimic (D:4)
  4 worms
  An adder zombie (D:5)
  2 orc skeletons
  2 giant geckos
  An orc (D:5)
  2 bat skeletons
  5 giant cockroaches
  8 hobgoblins
  3 quokkas
  3 ball pythons
  3 bats
  5 giant newts
  9 goblins
  8 jackals (D:3)
  12 kobolds
  5 rats
  A rat skeleton (D:4)
92 creatures vanquished.

Notes
Turn   | Place    | Note
--------------------------------------------------------------
     0 | D:1      | MDvedh, the Lava Orc Gladiator, began the quest for the Orb.
     0 | D:1      | Reached XP level 1. HP: 18/18 MP: 1/1
    90 | D:1      | Reached skill level 4 in Axes
   211 | D:1      | Reached XP level 2. HP: 22/25 MP: 2/2
   668 | D:2      | Reached skill level 5 in Axes
   711 | D:2      | Reached XP level 3. HP: 27/30 MP: 3/3
  1239 | D:2      | Noticed Ijyb
  1256 | D:2      | Killed Ijyb
  1256 | D:2      | Reached skill level 6 in Axes
  1256 | D:2      | Reached XP level 4. HP: 30/37 MP: 4/4
  1371 | D:2      | Found a snail-covered altar of Cheibriados.
  2276 | D:3      | Noticed Jessica
  2280 | D:3      | Killed Jessica
  2280 | D:3      | Reached skill level 7 in Axes
  2280 | D:3      | Reached XP level 5. HP: 42/42 MP: 5/5
  2610 | D:4      | Gained mutation: You are resistant to electric shocks. [potion of mutation]
  2610 | D:4      | Gained mutation: You are frail (-10% HP). [potion of mutation]
  2610 | D:4      | Gained mutation: You tend to lose your temper in combat. [potion of mutation]
  2806 | D:4      | Noticed a water moccasin
  2812 | D:4      | Killed a water moccasin
  2812 | D:4      | Reached skill level 8 in Axes
  2812 | D:4      | Reached XP level 6. HP: 37/45 MP: 6/6
  2846 | D:4      | Noticed Duvessa
  2849 | D:4      | Noticed Dowan
  2854 | D:4      | Killed Duvessa
  2871 | D:4      | Killed Dowan
  2900 | D:4      | Reached skill level 9 in Axes
  3166 | D:4      | Found a shattered altar of Ashenzari.
  3167 | D:4      | Found a glowing silver altar of Zin.
  3169 | D:4      | Found an ancient bone altar of Kikubaaqudgha.
  3181 | D:4      | Found a glowing golden altar of the Shining One.
  3183 | D:4      | Found a burning altar of Makhleb.
  3184 | D:4      | Found a shimmering altar of Xom.
  3525 | D:5      | Entered Level 5 of the Dungeon
  3606 | D:5      | Reached XP level 7. HP: 38/50 MP: 7/7
  3826 | D:5      | Found Seblide's Antique Weapon Shoppe.
  3841 | D:5      | Bought a transparent whip for 150 gold pieces
  3842 | D:5      | Identified the cursed +2,+0 whip of the Dead {pain, +Inv} (You bought it in a shop on level 5 of the Dungeon)
  3887 | D:5      | Reached skill level 10 in Axes
  3893 | D:5      | Slain by an orc

Action                   |  1- 3 |  4- 6 |  7- 9 || total
-------------------------+-------+-------+-------++-------
Melee: War axe           |    85 |   178 |    30 ||   293
  Use: Scroll            |       |    13 |     1 ||    14
       Potion            |       |     4 |       ||     4
